AoeStats
← 平民老百姓

Arabia

505037540Analyzed
3v3 RM · 25d ago on Sep 7, 2026· 25m 45s· 6 players
Game mode
Random Map
Map size
Normal (6 player)
Population
200
Speed
Normal
Resources
Standard
Victory
Conquest
Starting age
Dark Age
Ending age
Imperial Age
RankedLock teamsTeams togetherTeam positionsShared explorationLock speedFull tech treeHidden civsTurbo modeCheats
Victory
Defeat
🇦🇷 Shu · Argentina
1289
+14
🇦🇷 Wei · Argentina
1251
+16
🇦🇷 Persians · Argentina
1240
+16
🇹🇼 Romans · Taiwan
1289
-16
🇪🇸 Britons · Spain
1237
-15
🇹🇼 Burmese · Taiwan
1230
-15
平民老百姓
2:22 Loom
11:38 Feudal Age
18:03 Castle Age
16:18 Fletching
18:05 Stone Mining
25:43 Padded Archer Armor
CampaCar
6:18 Loom
9:29 Feudal Age
10:09 Double-Bit Axe
22:19 Fletching
22:30 Padded Archer Armor
26:33 Castle Age
visionary
6:36 Loom
9:48 Feudal Age
9:52 Man-at-Arms
10:18 Double-Bit Axe
14:53 Wheelbarrow
16:54 Scale Mail Armor
17:32 Fletching
23:47 Castle Age
22:41 Scale Barding Armor
23:18 Bloodlines
24:25 Town Watch
25:03 Chain Barding Armor
Electric Warrior
6:28 Loom
9:47 Feudal Age
10:21 Double-Bit Axe
11:22 Horse Collar
21:25 Bloodlines
ouroboros
6:20 Loom
9:17 Feudal Age
9:57 Double-Bit Axe
16:20 Horse Collar
21:12 Castle Age
19:40 Gold Mining
20:45 Bloodlines
21:43 Wheelbarrow
21:19 Scale Barding Armor
22:31 Bow Saw
23:14 Husbandry
26:08 Heavy Plow
FM
7:43 Loom
10:09 Feudal Age
14:16 Fletching
15:15 Double-Bit Axe
17:01 Padded Archer Armor
22:46 Castle Age
20:58 Horse Collar
21:11 Gold Mining
22:49 Crossbowman
23:25 Bodkin Arrow
24:10 Bow Saw
25:59 Ballistics
25:57 Leather Archer Armor
Connection lost

Rejoining the realm…

Still unreachable

The connection could not be restored.

Session expired

The server has moved on; the page needs a fresh start.